 Dungeon Crawl Stone Soup version 0.19.1-1-g22dce08 (webtiles) character file.

88 McKennaii the Gusty (level 4, -5/27 HPs)
             Began as a High Elf Air Elementalist on Jan 7, 2017.
             Killed from afar by McKennaii's ghost (7 damage)
             ... with a zap
             ... on level 3 of the Dungeon.
             The game lasted 00:07:11 (2067 turns).

McKennaii the Gusty (High Elf Air Elementalist)     Turns: 2067, Time: 00:07:12

Health: -5/27      AC:  5    Str:  7    XL:     4   Next: 30%
Magic:  4/9        EV: 13    Int: 19    God:
Gold:   123        SH:  0    Dex: 16    Spells: 3 memorised, 4 levels left

rFire  . . .     SeeInvis .     c - +0 dagger (venom)
rCold  . . .     Gourm    .     a - +0 robe
rNeg   . . .     Faith    .     (no shield)
rPois  .         Spirit   .     m - +2 helmet
rElec  .         Reflect  .     (no cloak)
rCorr  .         Harm     .     (no gloves)
MR     .....                    (no boots)
Stlth  ++........               (no amulet)
                                (no ring)
                                (no ring)

@: no status effects
A: no striking features
a: no special abilities


You were on level 3 of the Dungeon.
You were not hungry.

You visited 1 branch of the dungeon, and saw 3 of its levels.

You collected 123 gold pieces.

Inventory:

Hand Weapons
 c - a +0 dagger of venom (weapon)
Armour
 a - a +0 robe (worn)
 m - a +2 helmet (worn)
Scrolls
 e - 3 scrolls of identify
 h - a scroll of remove curse
 l - a scroll of immolation {unknown}
 p - a scroll of recharging {unknown}
Potions
 d - a potion of ambrosia {unknown}
 f - 2 potions of cure mutation {unknown}
 g - 5 potions of curing
 i - 2 potions of might {unknown}
 j - 2 potions of agility {unknown}
 q - 2 potions of haste {unknown}
Books
 b - a book of Air

   Spells                             Type                      Level
   a - Shock                          Conjuration/Air              1
   b - Swiftness                      Charms/Air                   2
   c - Repel Missiles                 Charms/Air                   2
   d - Static Discharge               Conjuration/Air              3
   e - Lightning Bolt                 Conjuration/Air              5
Comestibles
 k - a slice of pizza
 n - a meat ration
 o - a bread ration


   Skills:
 + Level 0.2 Fighting
 + Level 0.2 Short Blades
 + Level 2.1 Dodging
 + Level 2.7 Stealth
 + Level 0.1 Unarmed Combat
 + Level 3.1 Spellcasting
 + Level 2.1 Conjurations
 + Level 4.9 Air Magic


You had 4 spell levels left.
You knew the following spells:

 Your Spells              Type           Power        Failure   Level  Hunger
a - Shock                 Conj/Air       ###.         4%          1    None
b - Swiftness             Chrm/Air       ##......     10%         2    ##.....
c - Repel Missiles        Chrm/Air       ##....       10%         2    ##.....


Dungeon Overview and Level Annotations

Branches:
Dungeon (3/15)

Altars:
Makhleb

Annotations:
D:3 McKennaii's ghost, amateur HEAE


Message History

Aiming: Shock
Press: ? - help, Shift-Dir - straight line, f/p - McKennaii's ghost
Aim: McKennaii's ghost (severely damaged)
The zap misses McKennaii's ghost.
McKennaii's ghost closely misses you.
Casting: Shock
Confirm with . or Enter, or press ? or * to list all spells.
Aiming: Shock
Press: ? - help, Shift-Dir - straight line, f/p - McKennaii's ghost
Aim: McKennaii's ghost (severely damaged)
The zap misses McKennaii's ghost.
McKennaii's ghost casts a spell at you. The zap hits you!
* * * LOW HITPOINT WARNING * * *
The zap misses you.
McKennaii's ghost whispers, "It is all a dream - a grotesque and foolish dream."
McKennaii's ghost gestures at you while chanting.
The zap misses you.
McKennaii's ghost gestures at you while chanting.
The zap hits you! x2
You die...

### #.. .# ..# .#
.# #.# .# #.#
##.###.#.#
##.#####......#.#
#>........# .#
#..#####..#####.#
#..# #...W..@.#
###..# #.########
.....#####.#######
####..............
#######.#######
##.# #..# #.## #.#


You could see McKennaii's ghost.

Vanquished Creatures
  Robin (D:2)
  A worm (D:2)
  A dart slug (D:1)
  2 leopard geckos
  2 giant cockroaches
  16 goblins
  11 hobgoblins
  5 jackals
  4 bats
  3 frilled lizards
  10 kobolds
  6 rats
62 creatures vanquished.

Vanquished Creatures (others)
  A giant cockroach (D:1)
1 creature vanquished.

Grand Total: 63 creatures vanquished

Notes
Turn   | Place    | Note
-------+----------+-------------------------------------------
     0 | D:1      | McKennaii the High Elf Air Elementalist began the quest for the Orb.
     0 | D:1      | Reached XP level 1. HP: 11/11 MP: 4/4
   131 | D:1      | Reached skill level 4 in Air Magic
   182 | D:1      | Reached XP level 2. HP: 9/17 MP: 0/6
   186 | D:1      | Learned a level 2 spell: Swiftness
   189 | D:1      | Learned a level 2 spell: Repel Missiles
   769 | D:1      | Reached XP level 3. HP: 21/21 MP: 0/8
  1018 | D:1      | HP: 1/21 [something (18)]
  1305 | D:2      | Found a burning altar of Makhleb.
  1734 | D:2      | Noticed a green death
  1741 | D:2      | Noticed Robin
  1767 | D:2      | Killed Robin
  1767 | D:2      | Reached XP level 4. HP: 21/27 MP: 0/9
  2051 | D:3      | Noticed McKennaii's ghost (amateur HEAE)
  2061 | D:3      | HP: 1/27 [McKennaii's ghost/zap (9)]
  2067 | D:3      | Killed from afar by McKennaii's ghost

Skill      XL: |  1  2  3 |
---------------+----------+-----
Air Magic      | 4 |  4.9
Spellcasting   | 3 |  3.1
Conjurations   | 2 |  2.1
Fighting       | |  0.2
Short Blades   | |  0.2
Dodging        | |  2.1
Stealth        | |  2.7
Unarmed Combat | |  0.1

Action                   |  1- 3 |  4- 6 || total
-------------------------+-------+-------++-------
Melee: Unarmed           |    12 |       ||    12
       Dagger            |     5 |    10 ||    15
 Cast: Shock             |    95 |    17 ||   112
  Use: Scroll            |     2 |       ||     2
  Eat: Bread ration      |     1 |       ||     1
       Beef jerky        |     1 |       ||     1
Armor: Robe              |     2 |     2 ||     4
Dodge: Dodged            |    25 |    11 ||    36
